AA
OKLAHOMA CITY 89ERS @ WICHITA AEROS
09/04/1982
 
TOP OF THE 1ST
Oklahoma City 89ers batting - Pitching for Wichita Aeros : RHP Michael Britt
Pitching: RHP Michael Britt
Batting: RHB James Glenn 0-0: Ball
1-0: Called Strike
1-1: Foul Ball, location: 2F
1-2: Fly out, F7 (Flyball, 7S, EV 84.4 MPH)
Batting: RHB John Christensen 0-0: Ball
1-0: Foul Ball, location: 2F
1-1: SINGLE (Line Drive, 78S, EV 111.9 MPH)
Batting: RHB Cecil Fielder 0-0: Ball
1-0: Called Strike
1-1: Reached on error, E1 (Groundball, 25, EV 72.5 MPH)
John Christensen to second
Batting: RHB Glenn Braggs 0-0: Fly out, F9 (Flyball, 89S, EV 86.9 MPH)
Batting: RHB David Green 0-0: Ball
1-0: Swinging Strike
1-1: Ball
2-1: Called Strike
2-2: TRIPLE (Flyball, 9D, EV 92.5 MPH)
John Christensen scores
Cecil Fielder scores
Batting: RHB Nick Esasky 0-0: Called Strike
0-1: Swinging Strike
0-2: Strikes out swinging, 2-3 out at first.
Top of the 1st over - 2 runs, 2 hits, 1 error, 1 left on base; Oklahoma City 2 - Wichita 0
BOTTOM OF THE 1ST
Wichita Aeros batting - Pitching for Oklahoma City 89ers : RHP Ramon Dominguez
Pitching: RHP Ramon Dominguez
Batting: LHB Omar Guerrero 0-0: Ground out 6-3 (Groundball, 6, EV 86.9 MPH)
Batting: RHB Dave Hoenstine 0-0: Ball
1-0: Foul Ball, location: 2F
1-1: Fly out, F8 (Line Drive, 8RD, EV 107.5 MPH)
Batting: LHB Michael Barnes 0-0: Ball
1-0: Ball
2-0: Foul Ball, location: 2F
2-1: Foul Ball, location: 2F
2-2: Foul Ball, location: 2F
2-2: Ball
3-2: SINGLE (Groundball, 56D, EV 103.8 MPH)
Batting: RHB Bill Schroeder 0-0: Ball
1-0: Foul Ball, location: 2F
1-1: Ball
2-1: Called Strike
2-2: Foul Ball, location: 2F
2-2: SINGLE (Groundball, 3D, EV 107.5 MPH)
Michael Barnes to second
Runner from 2nd tries for 3rd, SAFE, throw by RF made to third
Batting: RHB Jesse Barfield 0-0: Called Strike
0-1: Ball
1-1: Called Strike
1-2: Foul Ball, location: 2F
1-2: Ball
2-2: SINGLE (Line Drive, 4M, EV 95.0 MPH)
Michael Barnes scores
Bill Schroeder to second
Runner from 2nd tries for 3rd, OUT! 8-5
Bottom of the 1st over - 1 run, 3 hits, 0 errors, 1 left on base; Oklahoma City 2 - Wichita 1
TOP OF THE 2ND
Oklahoma City 89ers batting - Pitching for Wichita Aeros : RHP Michael Britt
Batting: RHB Joe Redfield 0-0: Ball
1-0: Fly out, F7 (Flyball, 7S, EV 93.1 MPH)
Batting: RHB Danny Jasso 0-0: Ball
1-0: Ball
2-0: Ball
3-0: Base on Balls
Batting: RHB Robert Bailey 0-0: Ball
1-0: Ball
2-0: SINGLE (Groundball, 56D, EV 103.1 MPH)
Danny Jasso to second
Runner from 2nd tries for 3rd, SAFE, throw by LF made to third
Batting: RHB James Glenn 0-0: Called Strike
0-1: Ball
1-1: Ball
2-1: Fly out, F8 (Line Drive, 8LM, EV 87.5 MPH)
Runner from 3rd tags up, SCORES, throw by CF
Batting: RHB John Christensen 0-0: Called Strike
0-1: SINGLE (Line Drive, 34D, EV 102.5 MPH)
Robert Bailey to second
Batting: RHB Cecil Fielder 0-0: Called Strike
0-1: Swinging Strike
0-2: Ball
1-2: Ground out 1-3 (Groundball, P, EV 73.8 MPH)
Top of the 2nd over - 1 run, 2 hits, 0 errors, 2 left on base; Oklahoma City 3 - Wichita 1
BOTTOM OF THE 2ND
Wichita Aeros batting - Pitching for Oklahoma City 89ers : RHP Ramon Dominguez
Batting: LHB Glenn Gulliver 0-0: Foul Ball, location: 2F
0-1: Ball
1-1: Called Strike
1-2: Ball
2-2: Fly out, F4 (Popup, 4, EV 71.3 MPH)
Batting: RHB Greg Cypret 0-0: Reached on error, E6 (Groundball, 6M, EV 96.9 MPH)
Batting: LHB Jesus Ramos 0-0: Ball
1-0: Ground out 4-3 (Groundball, 3, EV 108.1 MPH)
Greg Cypret to second
Batting: RHB Gary House 0-0: Foul Ball, location: 2F
0-1: Ball
1-1: Ground out 5-3 (Groundball, 5L, EV 106.9 MPH)
Bottom of the 2nd over - 0 runs, 0 hits, 1 error, 1 left on base; Oklahoma City 3 - Wichita 1
TOP OF THE 3RD
Oklahoma City 89ers batting - Pitching for Wichita Aeros : RHP Michael Britt
Batting: RHB Glenn Braggs 0-0: Called Strike
0-1: Foul Ball, location: 2F
0-2: Ball
1-2: Strikes out looking
Batting: RHB David Green 0-0: Ball
1-0: Ground out 5-3 (Groundball, 56, EV 106.3 MPH)
Batting: RHB Nick Esasky 0-0: Called Strike
0-1: Ground out 5-3 (Groundball, 56, EV 109.4 MPH)
Top of the 3rd over - 0 runs, 0 hits, 0 errors, 0 left on base; Oklahoma City 3 - Wichita 1
BOTTOM OF THE 3RD
Wichita Aeros batting - Pitching for Oklahoma City 89ers : RHP Ramon Dominguez
Batting: LHB Omar Guerrero 0-0: Ball
1-0: Called Strike
1-1: Ball
2-1: Fly out, F7 (Flyball, 7LS, EV 96.9 MPH)
Batting: RHB Dave Hoenstine 0-0: Ball
1-0: Called Strike
1-1: Called Strike
1-2: Foul Ball, location: 2F
1-2: Strikes out swinging
Batting: LHB Michael Barnes 0-0: Ball
1-0: Swinging Strike
1-1: Ball
2-1: Ball
3-1: SINGLE (Groundball, 56D, EV 94.4 MPH)
Batting: RHB Bill Schroeder 0-0: Fly out, F3 (Popup, 3F, EV 69.4 MPH)
Bottom of the 3rd over - 0 runs, 1 hit, 0 errors, 1 left on base; Oklahoma City 3 - Wichita 1
TOP OF THE 4TH
Oklahoma City 89ers batting - Pitching for Wichita Aeros : RHP Michael Britt
Batting: RHB Joe Redfield 0-0: Ball
1-0: Ball
2-0: Foul Ball, location: 2F
2-1: Ball
3-1: Foul Ball, location: 2F
3-2: Fly out, F7 (Flyball, 7D, EV 101.3 MPH)
Batting: RHB Danny Jasso 0-0: Fly out, F4 (Popup, 3D, EV 51.3 MPH)
Batting: RHB Robert Bailey 0-0: Foul Ball, location: 2F
0-1: Swinging Strike
0-2: Ball
1-2: Ball
2-2: Ground out 3-1 (Groundball, 34S, EV 67.5 MPH)
Top of the 4th over - 0 runs, 0 hits, 0 errors, 0 left on base; Oklahoma City 3 - Wichita 1
BOTTOM OF THE 4TH
Wichita Aeros batting - Pitching for Oklahoma City 89ers : RHP Ramon Dominguez
Batting: RHB Jesse Barfield 0-0: Ball
1-0: DOUBLE (Line Drive, 7LM, EV 110.6 MPH)
Batting: LHB Glenn Gulliver 0-0: Ball
1-0: Ball
2-0: Ball
3-0: Base on Balls
Batting: RHB Greg Cypret 0-0: Called Strike
0-1: Foul Ball, location: 2F
0-2: Ball
1-2: Grounds into double play, 6-4-3 (Groundball, 6, EV 85.6 MPH)
Jesse Barfield to third
Batting: LHB Jesus Ramos 0-0: Ball
1-0: Swinging Strike
1-1: Swinging Strike
1-2: Ground out 4-3 (Groundball, 4, EV 81.9 MPH)
Bottom of the 4th over - 0 runs, 1 hit, 0 errors, 1 left on base; Oklahoma City 3 - Wichita 1
TOP OF THE 5TH
Oklahoma City 89ers batting - Pitching for Wichita Aeros : RHP Michael Britt
Batting: RHB James Glenn 0-0: Called Strike
0-1: Swinging Strike
0-2: Ball
1-2: Ground out 4-3 (Groundball, 34, EV 91.3 MPH)
Batting: RHB John Christensen 0-0: Foul Ball, location: 2F
0-1: Ball
1-1: Swinging Strike
1-2: SINGLE (Line Drive, 7S, EV 105.6 MPH)
Batting: RHB Cecil Fielder 0-0: Ball
1-0: Called Strike
1-1: Fly out, F7 (Flyball, 78D, EV 103.1 MPH)
Batting: RHB Glenn Braggs 0-0: Called Strike
0-1: Ball
1-1: Ground out 6-3 (Groundball, 6M, EV 85.0 MPH)
Top of the 5th over - 0 runs, 1 hit, 0 errors, 1 left on base; Oklahoma City 3 - Wichita 1
BOTTOM OF THE 5TH
Wichita Aeros batting - Pitching for Oklahoma City 89ers : RHP Ramon Dominguez
Batting: RHB Gary House 0-0: Called Strike
0-1: Swinging Strike
0-2: Ball
1-2: Ball
2-2: Strikes out swinging
Batting: LHB Omar Guerrero 0-0: Ball
1-0: Foul Ball, location: 2F
1-1: Ball
2-1: Called Strike
2-2: Ground out 4-3 (Groundball, 4, EV 88.8 MPH)
Batting: RHB Dave Hoenstine 0-0: Ball
1-0: Ball
2-0: Swinging Strike
2-1: Ball
3-1: Base on Balls
Batting: LHB Michael Barnes 0-0: Foul Ball, location: 2F
0-1: Ball
1-1: Ball
2-1: Called Strike
2-2: Foul Ball, location: 2F
2-2: Foul Ball, location: 2F
2-2: Ball
3-2: Ground out 6-3 (Groundball, 4MS, EV 70.6 MPH)
Bottom of the 5th over - 0 runs, 0 hits, 0 errors, 1 left on base; Oklahoma City 3 - Wichita 1
TOP OF THE 6TH
Oklahoma City 89ers batting - Pitching for Wichita Aeros : RHP Michael Britt
Batting: RHB David Green 0-0: Foul Ball, location: 2F
0-1: Ball
1-1: Swinging Strike
1-2: Strikes out swinging
Batting: RHB Nick Esasky 0-0: Called Strike
0-1: Ball
1-1: Ball
2-1: Ball
3-1: SINGLE (Line Drive, 9LS, EV 112.5 MPH)
Batting: RHB Joe Redfield 0-0: Called Strike
0-1: Ball
1-1: Ball
2-1: Grounds into double play, 5-4-3 (Groundball, 5L, EV 92.5 MPH)
Top of the 6th over - 0 runs, 1 hit, 0 errors, 0 left on base; Oklahoma City 3 - Wichita 1
BOTTOM OF THE 6TH
Wichita Aeros batting - Pitching for Oklahoma City 89ers : RHP Ramon Dominguez
Batting: RHB Bill Schroeder 0-0: Ball
1-0: Ball
2-0: Foul Ball, location: 2F
2-1: Ball
3-1: Swinging Strike
3-2: Foul Ball, location: 2F
3-2: Strikes out swinging
Batting: RHB Jesse Barfield 0-0: Swinging Strike
0-1: Foul Ball, location: 2F
0-2: Foul Ball, location: 2F
0-2: Ball
1-2: Fly out, F8 (Line Drive, 8RD, EV 103.1 MPH)
Batting: LHB Glenn Gulliver 0-0: Called Strike
0-1: Ball
1-1: Foul Ball, location: 2F
1-2: Ball
2-2: Ball
3-2: SINGLE (Groundball, 6S, EV 66.9 MPH) (infield hit)
Batting: RHB Greg Cypret 0-0: Ball
1-0: Called Strike
1-1: Ball
2-1: Ball
3-1: Ground out 5-3 (Groundball, 56, EV 107.5 MPH)
Bottom of the 6th over - 0 runs, 1 hit, 0 errors, 1 left on base; Oklahoma City 3 - Wichita 1
TOP OF THE 7TH
Oklahoma City 89ers batting - Pitching for Wichita Aeros : RHP Michael Britt
Batting: RHB Danny Jasso 0-0: Swinging Strike
0-1: Fly out, F7 (Line Drive, 7S, EV 86.9 MPH)
Batting: RHB Robert Bailey 0-0: Ball
1-0: Called Strike
1-1: Swinging Strike
1-2: SINGLE (Line Drive, 89S, EV 98.1 MPH)
Batting: RHB James Glenn 0-0: Fielders Choice at 2nd, 4-6 (Groundball, 34, EV 91.3 MPH)
Batting: RHB John Christensen 0-0: Ball
1-0: Swinging Strike
1-1: Ball
2-1: Foul Ball, location: 2F
2-2: Ground out 6-3 (Groundball, 6, EV 90.0 MPH)
Top of the 7th over - 0 runs, 1 hit, 0 errors, 1 left on base; Oklahoma City 3 - Wichita 1
BOTTOM OF THE 7TH
Wichita Aeros batting - Pitching for Oklahoma City 89ers : RHP Ramon Dominguez
Batting: LHB Jesus Ramos 0-0: Ball
1-0: SINGLE (Groundball, 34D, EV 105.0 MPH)
Batting: RHB Gary House 0-0: Called Strike
0-1: Ball
1-1: SINGLE (Line Drive, 56, EV 101.3 MPH)
Jesus Ramos to second
Batting: LHB Omar Guerrero 0-0: Bunt missed!
0-1: Bunt missed!
0-2: Ball
1-2: Ball
2-2: SINGLE (Line Drive, 4MD, EV 95.0 MPH)
Jesus Ramos to third
Gary House to second
Runner from 3rd tries for Home, SAFE, throw by CF to home
Batting: RHB Dave Hoenstine 0-0: Ball
1-0: Bunt missed!
1-1: Bunt missed!
1-2: Ball
2-2: Fielders Choice at 2nd, 1-4 (Groundball, 25, EV 68.8 MPH)
Gary House to third
Batting: LHB Michael Barnes 0-0: Called Strike
0-1: Ball
1-1: Ball
2-1: Fly out, F6 (Popup, 5, EV 68.1 MPH)
Batting: RHB Bill Schroeder 0-0: Fly out, F7 (Flyball, 7S, EV 80.0 MPH)
Bottom of the 7th over - 1 run, 3 hits, 0 errors, 2 left on base; Oklahoma City 3 - Wichita 2
TOP OF THE 8TH
Oklahoma City 89ers batting - Pitching for Wichita Aeros : RHP Michael Britt
Batting: RHB Cecil Fielder 0-0: DOUBLE (Line Drive, 7LD, EV 103.1 MPH)
Batting: RHB Glenn Braggs 0-0: Fly out, F7 (Line Drive, 7, EV 93.8 MPH)
Batting: RHB David Green 0-0: Intentional Walk
Batting: RHB Nick Esasky 0-0: Ball
1-0: Called Strike
1-1: Ground out 4-3 (Groundball, 4MD, EV 99.4 MPH)
Cecil Fielder to third
David Green to second
Batting: RHB Joe Redfield 0-0: Intentional Walk
Batting: RHB Danny Jasso 0-0: Ball
1-0: Foul Ball, location: 2F
1-1: Foul Ball, location: 2F
1-2: SINGLE (Flyball, 4MD, EV 92.5 MPH)
Cecil Fielder scores
David Green to third
Joe Redfield to second
Runner from 3rd tries for Home, SAFE, throw by CF to home
Pitching: RHP Steve Crawford
Batting: RHB Robert Bailey 0-0: Ball
1-0: Swinging Strike
1-1: Called Strike
1-2: Ball
Wild Pitch!
Joe Redfield to third
Danny Jasso to second
2-2: Strikes out looking
Top of the 8th over - 2 runs, 2 hits, 0 errors, 2 left on base; Oklahoma City 5 - Wichita 2
BOTTOM OF THE 8TH
Wichita Aeros batting - Pitching for Oklahoma City 89ers : RHP Ramon Dominguez
Now in CF: Ron Tingley
Batting: RHB Jesse Barfield 0-0: Ball
1-0: Ball
2-0: Called Strike
2-1: Ground out U3 (Groundball, 34S, EV 90.6 MPH)
Batting: LHB Glenn Gulliver 0-0: Ball
1-0: Ball
2-0: Ball
3-0: Called Strike
3-1: Fly out, F7 (Flyball, 78D, EV 101.3 MPH)
Batting: RHB Greg Cypret 0-0: Called Strike
0-1: Ball
1-1: Ground out 5-3 (Groundball, 56, EV 101.3 MPH)
Bottom of the 8th over - 0 runs, 0 hits, 0 errors, 0 left on base; Oklahoma City 5 - Wichita 2
TOP OF THE 9TH
Oklahoma City 89ers batting - Pitching for Wichita Aeros : RHP Steve Crawford
Batting: RHB Ron Tingley 0-0: Foul Ball, location: 2F
0-1: Ball
1-1: Foul Ball, location: 2F
1-2: Fly out, F3 (Flyball, 3D, EV 74.4 MPH)
Batting: RHB John Christensen 0-0: Swinging Strike
0-1: Ball
1-1: Ball
2-1: Foul Ball, location: 2F
2-2: SINGLE (Line Drive, 4D, EV 96.3 MPH)
Batting: RHB Cecil Fielder Pickoff Throw to First - Error! E1
John Christensen to second
0-0: Intentional Walk
Batting: RHB Glenn Braggs 0-0: Ball
1-0: Called Strike
1-1: Foul Ball, location: 2F
1-2: 3-RUN HOME RUN (Line Drive, 78XD, EV 103.8 MPH), Distance : 407 ft
Batting: RHB David Green 0-0: Ball
1-0: Swinging Strike
1-1: Ground out 6-3 (Groundball, 6, EV 91.3 MPH)
Batting: RHB Nick Esasky 0-0: Ball
1-0: Foul Ball, location: 2F
1-1: Ball
2-1: Ball
3-1: Swinging Strike
3-2: Foul Ball, location: 2F
3-2: Ground out U3 (Groundball, 3S, EV 71.9 MPH)
Top of the 9th over - 3 runs, 2 hits, 1 error, 0 left on base; Oklahoma City 8 - Wichita 2
BOTTOM OF THE 9TH
Wichita Aeros batting - Pitching for Oklahoma City 89ers : RHP Ramon Dominguez
Batting: LHB Jesus Ramos 0-0: Fly out, F7 (Flyball, 78D, EV 109.4 MPH)
Batting: RHB Gary House 0-0: Foul Ball, location: 2F
0-1: Ball
1-1: Foul Ball, location: 2F
1-2: Foul Ball, location: 2F
1-2: Foul Ball, location: 2F
1-2: Foul Ball, location: 2F
1-2: Strikes out swinging
Batting: LHB Omar Guerrero 0-0: Swinging Strike
0-1: DOUBLE (Flyball, 8RXD, EV 101.9 MPH)
Batting: RHB Dave Hoenstine 0-0: Called Strike
0-1: Called Strike
0-2: Foul Ball, location: 2F
0-2: Foul Ball, location: 2F
0-2: Ball
1-2: TRIPLE (Line Drive, 89XD, EV 101.9 MPH)
Omar Guerrero scores
Batting: LHB Michael Barnes 0-0: Foul Ball, location: 2F
0-1: Called Strike
0-2: Foul Ball, location: 2F
0-2: SINGLE (Groundball, 34S, EV 68.8 MPH) (infield hit)
Dave Hoenstine scores
Pitching: RHP Ernie Camacho
Batting: RHB Bill Schroeder 0-0: Called Strike
0-1: SINGLE (Line Drive, 9S, EV 91.3 MPH)
Michael Barnes to second
Batting: RHB Jesse Barfield 0-0: Fly out, F9 (Flyball, 89D, EV 93.8 MPH)
Bottom of the 9th over - 2 runs, 4 hits, 0 errors, 2 left on base; Oklahoma City 8 - Wichita 4
Thursday, August 27th, 2020 - OOTP Baseball 21.5 Build 76